 Dungeon Crawl Stone Soup version 0.25-a0-479-g8579842fd4 (webtiles) character file.

Game seed: 5226974088138996130, levelgen mode: deterministic

51 Notrik the Skirmisher (level 3, -3/36 HPs)
             Began as a Hill Orc Fighter on Feb 9, 2020.
             Killed from afar by a white imp (9 damage)
             ... with a puff of frost
             ... summoned by Natasha
             ... on level 2 of the Dungeon.
             The game lasted 00:03:33 (1197 turns).

Notrik the Skirmisher (Hill Orc Fighter)            Turns: 1197, Time: 00:03:33

Health: -3/36      AC:  6    Str: 19    XL:     3   Next: 81%
Magic:  3/3        EV:  7    Int:  8    God:
Gold:   135        SH:  9    Dex: 10    Spells: 2/2 levels left

rFire    . . .     SeeInvis .   a - +0 war axe
rCold    . . .     Gourm    .   c - +0 shield
rNeg     . . .     Faith    .   b - +0 scale mail
rPois    .         Spirit   .   (no helmet)
rElec    .         Reflect  .   (no cloak)
rCorr    .         Harm     .   (no gloves)
MR       .....                  (no boots)
Stlth    ..........             (no amulet)
HPRegen  0.12/turn              (no ring)
MPRegen  0.08/turn              (no ring)

@: no status effects
A: no striking features
a: no special abilities


You were on level 2 of the Dungeon.
You were not hungry.

You visited 1 branch of the dungeon, and saw 2 of its levels.

You collected 135 gold pieces.

Inventory:

Hand Weapons
 a - a +0 war axe (weapon)
Armour
 b - a +0 scale mail (worn)
 c - a +0 shield (worn)
 s - a scarf of resistance
   (You found it on level 2 of the Dungeon)
Jewellery
 m - an uncursed ring of magical power {unknown}
   (You found it on level 1 of the Dungeon)
 n - a cursed ring of attention {unknown}
   (You found it on level 1 of the Dungeon)
Scrolls
 i - 6 scrolls of identify {unknown}
 j - a scroll of magic mapping {unknown}
 k - a scroll of amnesia {unknown}
 l - a scroll of enchant armour {unknown}
 r - a scroll of remove curse {unknown}
Potions
 d - a potion of might
 f - a potion of brilliance {unknown}
 g - a potion of invisibility {unknown}
 o - 2 potions of curing {unknown}
 p - a potion of mutation {unknown}
 q - a potion of agility {unknown}
 t - a potion of degeneration {unknown}
Comestibles
 e - 3 rations {!d}
 h - 4 chunks of flesh


   Skills:
 * Level 5.2 Fighting
 + Level 3.4 Axes
 - Level 3.2 Armour
 - Level 3.2 Shields


You had 2 spell levels left.
You didn't know any spells.
Your spell library was empty.

Dungeon Overview and Level Annotations

Branches:
Dungeon (2/15)

Altars:
Dithmenos
Gozag
Hepliaklqana
Uskayaw
Vehumet

Annotations:
D:2 Natasha


Message History

a +0 club; a hobgoblin skeleton
Things that are here:
a +0 club; a hobgoblin skeleton
i - 5 scrolls labeled BUG QINUIPSAKO (gained 1)
i - 6 scrolls labeled BUG QINUIPSAKO (gained 1) Natasha, Servant of Life and Death comes into view.
Natasha hisses angrily.
Found 3 gold pieces and 21 stones.
You closely miss Natasha. Natasha barely misses you.
Your shield prevents you from hitting Natasha.
Natasha claws you but does no damage. You block Natasha's attack.
You closely miss Natasha. Natasha claws you but does no damage.
You closely miss Natasha. Natasha barely misses you.
You hit Natasha. You block Natasha's attack. Natasha barely misses you.
Your shield and scale mail prevent you from hitting Natasha.
Natasha casts a spell.
You closely miss Natasha.
Natasha casts a spell.
You block Natasha's attack.
Your shield prevents you from hitting Natasha.
Natasha barely misses you.
You closely miss Natasha. You slash the crimson imp!
You block the crimson imp's attack. Natasha claws you but does no damage.
The white imp gestures at you. The puff of frost hits you.
The crimson imp hits you but does no damage.
You block Natasha's attack.
You barely miss the crimson imp. You closely miss Natasha.
The white imp shouts, "Away with thee, thou bawdy toad-spotted foot-licker!"
The crimson imp hits you but does no damage.
Natasha casts a spell.
The white imp gestures at you. The puff of frost misses you.
You hit the crimson imp. You closely miss the white imp.
Your shield and scale mail prevent you from hitting Natasha.
The crimson imp hits you. Natasha claws you. The white imp gestures at you.
The puff of frost hits you.
You slash the crimson imp!
You kill the crimson imp!
You hit Natasha. You slash the white imp!
You kill the white imp!
Natasha claws you.
* * * LOW HITPOINT WARNING * * *
Natasha claws you!
* * * LOW HITPOINT WARNING * * *
You hit the white imp but do no damage. You closely miss Natasha.
The white imp completely misses you. Natasha barely misses you.
The white imp gestures at you. The puff of frost hits you!
You die...

#.##.........#.......##.#....#.#
#.##.......##...##......#...รท...
#.##.##........####....##...#...
##.##.##...##..........##<.###..(
..............#..###...##.## #...
............##..## #.#....# #...
........#.......# .#.#### #.(.
......###..#.##.####.#.# ####
...........#.##.@5.$....
...>.....###.#...h......
.......### #.......).... .......#
#............ ........
#............ #####+++#
#####........ #...(.... #.<......


You could see Natasha and a white imp.

Vanquished Creatures
  An adder (D:2)
  2 worms (D:2)
  2 dart slugs (D:2)
  2 bats
  A giant cockroach (D:1)
  6 goblins
  6 hobgoblins (D:2)
  A quokka (D:2)
  3 frilled lizards
  5 kobolds
  5 rats
34 creatures vanquished.

Notes
Turn   | Place    | Note
-------+----------+-------------------------------------------
     0 | D:1      | Notrik the Hill Orc Fighter began the quest for the Orb.
     0 | D:1      | Reached XP level 1. HP: 19/19 MP: 1/1
   134 | D:1      | Reached skill level 4 in Fighting
   243 | D:1      | Reached XP level 2. HP: 26/27 MP: 2/2
   714 | D:2      | Reached XP level 3. HP: 30/35 MP: 3/3
   833 | D:2      | Reached skill level 5 in Fighting
   868 | D:2      | Found an opulent altar of Gozag.
   887 | D:2      | Found a radiant altar of Vehumet.
  1098 | D:2      | Found a shadowy altar of Dithmenos.
  1099 | D:2      | Found a hide-covered altar of Uskayaw.
  1099 | D:2      | Found a hazy altar of Hepliaklqana.
  1182 | D:2      | Noticed Natasha
  1197 | D:2      | Killed from afar by a white imp

Levels and vault maps discovered:
D:1:      wheals_arrival_linesprint, layout_loops_cross, minmay_distorted
D:2:      layout_rooms, grunt_temple_overflow_open, nemelex_altar_shiori,
          uniq_natasha, uniq_crazy_yiuf_cottage

Skill      XL: |  1  2  3 |
---------------+----------+-----
Fighting       | 4 5 |  5.2
Axes           | 3 |  3.4
Armour         | |  3.2
Shields        | |  3.2

Action                   || total
-------------------------++-------
Melee: War axe           ||   105
  Eat: Chunk             ||     1
Armor: Scale mail        ||    31
Dodge: Dodged            ||    33
Block: Shield            ||    53

Table legend:
 A = Non-vault XP
 B = Vault XP
 C = Vault XP percentage of total XP
 D = Non-vault monster count
 E = Vault monster count
 F = Vault count percentage of total count
                 A         B        C        D         E       F
            +---------+---------+-------+---------+---------+-------
      Total |      72 |       1 |   1.4 |      33 |       1 |   2.9
            +---------+---------+-------+---------+---------+-------
        D:1 |      15 |       1 |   6.2 |      11 |       1 |   8.3
        D:2 |      57 |       0 |   0.0 |      22 |       0 |   0.0
            +---------+---------+-------+---------+---------+-------
